[Event "*** Titled Tuesday 3|2 Blitz (Late)"]
[Site "Chess.com"]
[Date "2017.01.03"]
[Round "1"]
[White "DiamondCrusher22"]
[Black "attack2mateU"]
[Result "0-1"]
[WhiteElo "1845"]
[BlackElo "2350"]
[TimeControl "180+2"]
[EndTime "17:08:07 PST"]
[Termination "attack2mateU won by checkmate"]

1. e4 c5 2. Nf3 d6 3. c3 Nf6 4. Be2 Nbd7 5. d3 e6 6. O-O Be7 7. Re1 b6 8. Nbd2 Bb7 9. Bf1 O-O 10. e5 dxe5 11. Nxe5 Nxe5 12. Rxe5 Qc7 13. Re3 Nd5 14. Re1 Rad8 15. Ne4 Nf4 16. g3 Nxd3 17. Bxd3 c4 18. Qg4 f5 19. Nf6+ Bxf6 20. Qxc4 Qd6 21. Bxf5 Bd5 22.
Bxe6+ Qxe6 23. Rxe6 Bxc4 24. Re1 Bd5 25. Be3 Bf3 26.
Rac1 g5 27. c4 Bxb2 28. Rb1 Bd4 29. Bxg5 Rc8 30. Rbc1 Rfe8 31. Rf1 Re2 32. Rcd1 Bc5 33. Rd3 Rf8 34. Bh6 Rf6 35. Rd8+ Kf7 36. Rd7+ Ke6 37.
Rd3 Be4 38. Rd2 Rfxf2 39. Rxf2 Re1# 0-1

[Event "*** Titled Tuesday 3|2 Blitz (Late)"]
[Site "Chess.com"]
[Date "2017.01.03"]
[Round "1"]
[White "Assasin14"]
[Black "VerdeNotte"]
[Result "1-0"]
[WhiteElo "2244"]
[BlackElo "2472"]
[TimeControl "180+2"]
[EndTime "17:08:21 PST"]
[Termination "Assasin14 won by checkmate"]

1. d4 Nf6 2. Bf4 b6 3. Nc3 Bb7 4. Qd2 e6 5. f3 Bb4 6. e4 d5 7. e5 Nfd7 8. Nge2 c5 9. a3 Ba5 10. b4 cxb4 11. Nb5 bxa3 12. Nd6+ Kf8 13. c3 Ba6 14.
Ng3 Bxf1 15. Nxf1 Nc6 16. Ng3 b5 17. Nxb5 Rb8 18. Nd6 Rb2 19. Qd3 g5 20. Bd2 Ndxe5 21. dxe5 Nxe5 22. Qa6 Rxd2 23. Kxd2 Nc4+ 24. Nxc4 dxc4+ 25. Kc1 Kg7 26. Rd1 Qb8 27. Rxa3 Qf4+ 28. Kc2 Qe3 29.
Qxa5 Rb8 30. Qxa7 Rb6 31. Ne4 g4 32. Rd7 Kg6 33. Ra6 Qe2+ 34. Rd2 Rxa6 35. Qxa6 Qf1 36. fxg4 h6 37. Ng3 Qf4 38. Qb5 Kh7 39. Qd7 Kg6 40. Qd4 Qc7 41. Qe4+ Kf6 42. Nh5+ Ke7 43. Qd4 Qa5 44. Qd6+ Ke8 45. Nf6# 1-0

[Event "*** Titled Tuesday 3|2 Blitz (Late)"]
[Site "Chess.com"]
[Date "2017.01.03"]
[Round "1"]
[White "Alexander_Moskalenko"]
[Black "nonscitis"]
[Result "1-0"]
[WhiteElo "2680"]
[BlackElo "2319"]
[TimeControl "180+2"]
[EndTime "17:08:23 PST"]
[Termination "Alexander_Moskalenko won by resignation"]

1. e4 c5 2. Nf3 d6 3. Nc3 Nc6 4. g3 Nf6 5. Bg2 g6 6. O-O Bg7 7. d4 cxd4 8. Nxd4 O-O 9. Nde2 Bg4 10. h3 Bxe2 11. Nxe2 Rc8 12. c3 Ne5 13. a4 Nc4 14.
Nf4 a6 15. Ra2 b5 16. axb5 axb5 17. Nd5 Nxd5 18. exd5 Qb6 19. Re1 Rc7 20. Qb3 Rb8 21. Bg5 Qb7 22. Rea1 Bf6 23. Bh6 Bg7 24. Bxg7 Kxg7 25.
Qb4 Ne5 26. Ra6 Rc4 27. Qb3 b4 28. Ra7 Qb6 29. Rxe7 bxc3 30. Qxb6 Rxb6 31. bxc3 Rxc3 32.
f4 Rxg3 33. Kh2 Rxg2+ 34. Kxg2 Rb2+ 35. Kg3 Rb3+ 36. Kg2 Rb2+ 37. Kf1 Nd3 38. Ra6 Nxf4 39. Rxd6 Nxh3 40. Rc6 Ng5 41. d6 Rd2 42. d7 h5 43.
Rc8 Ne6 44. Rxe6 fxe6 45. d8=Q 1-0

[Event "*** Titled Tuesday 3|2 Blitz (Late)"]
[Site "Chess.com"]
[Date "2017.01.03"]
[Round "1"]
[White "Ksenia_Legenko"]
[Black "PelinGorki"]
[Result "0-1"]
[WhiteElo "2063"]
[BlackElo "2406"]
[TimeControl "180+2"]
[EndTime "17:08:31 PST"]
[Termination "PelinGorki won by resignation"]

1. d4 Nf6 2. c4 e6 3. g3 Bb4+ 4. Bd2 Qe7 5. Bg2 c5 6. Nf3 Nc6 7. O-O cxd4 8. a3 Bxd2 9. Nbxd2 a5 10. Rb1 O-O 11. Qc2 d5 12. cxd5 Nxd5 13. Nc4 e5 14. Rfd1 Nf6 15. Ng5 h6 16. Ne4 Be6 17.
Nb6 Ra6 18. Na4 Rc8 19. Nac5 Nd8 20. Qd3 Rxc5 21. Nxc5 Qxc5 22. e3 Rd6 23. exd4 Rxd4 24. Qc3 Qxc3 25. bxc3 Rxd1+ 26. Rxd1 Nd7 27. Bd5 Bh3 28. Bg2 Bg4 29. Rd5 b6 30. h3 Be6 31.
Rd1 Kf8 32. Kh2 Ke7 33. g4 Nc5 34. Kg3 Bb3 35. Re1 Nde6 36. Rxe5 Na4 37. Rb5 Nec5 38.
Bf3 Bc4 39. Rb1 b5 40. Rc1 Nd3 41. Rc2 Ne1 42. Rc1 Nxf3 43. Kxf3 Kd6 44. Ke3 Kc5 45. f4 Nb6 46. f5 Bd5 47. h4 Nc4+ 48. Kf4 Nxa3 49. g5 hxg5+ 50. Kxg5 Nc4 51. f6 g6 52. Kf4 a4 53. Re1 a3 54. Re8 a2 55. Rc8+ Bc6 56.
h5 0-1

[Event "*** Titled Tuesday 3|2 Blitz (Late)"]
[Site "Chess.com"]
[Date "2017.01.03"]
[Round "1"]
[White "Syntactic_Sugar"]
[Black "pKiLz5Rn9b"]
[Result "1/2-1/2"]
[WhiteElo "2219"]
[BlackElo "2475"]
[TimeControl "180+2"]
[EndTime "17:08:32 PST"]
[Termination "Game drawn by agreement"]

1. e4 e6 2. d4 d5 3. Nc3 dxe4 4.
Nxe4 Nd7 5. Nf3 Ngf6 6. Bd3 c5 7. O-O Nxe4 8. Bxe4 Nf6 9. Bg5 Be7 10. Bxf6 gxf6 11. c3 cxd4 12. Nxd4 Qb6 13. Qe2 Bd7 14. Rfd1 O-O-O 15. b4 f5 16. Bf3 Bf6 17. a4 e5 18.
a5 Qc7 19. Nb5 Bxb5 20. Qxb5 a6 21. Qa4 e4 22. Be2 Rxd1+ 23. Rxd1 Rd8 24. Rxd8+ Kxd8 25. Qd1+ Ke7 26. Qd5 Qd7 27. Qxd7+ Kxd7 28. b5 Bxc3 29. bxa6 bxa6 30. Bxa6 Bxa5 31. Kf1 Bb6 32. Bc4 Ke7 33. Ke2 Kf6 34. g3 h5 35. Bd5 Kg6 36. Kf1 f6 37.
Kg2 Kg5 38. h4+ Kg6 39. Bc6 Kf7 40. Bd5+ Ke7 41. Bc6 Ba7 42. Bd5 Bd4 43. Bc6 Kf7 44. Bd5+ Kg7 45. Bc6 Bc5 46. Be8 Kh6 47. Bd7 f4 48.
gxf4 Bd6 49. f5 Bc5 50. Bc6 e3 51. fxe3 Bxe3 52. Kh3 Bf2 53. Be4 Kg7 54. Bf3 Kh6 55.
Be4 Be1 56. Bf3 1/2-1/2

[Event "*** Titled Tuesday 3|2 Blitz (Late)"]
[Site "Chess.com"]
[Date "2017.01.03"]
[Round "1"]
[White "chito89"]
[Black "macko06"]
[Result "0-1"]
[WhiteElo "2486"]
[BlackElo "2269"]
[TimeControl "180+2"]
[EndTime "17:08:33 PST"]
[Termination "macko06 won by resignation"]

1. d4 Nf6 2. c4 e6 3. Nc3 Bb4 4. g3 O-O 5. Bg2 d5 6. Nf3 dxc4 7. O-O c5 8. dxc5 Bxc5 9. Ne5 Qc7 10. Bf4 Nh5 11.
Rc1 Nxf4 12. gxf4 Nc6 13. Nxc6 bxc6 14. Na4 Rd8 15. Qc2 Bd6 16. e3 Ba6 17. Rfd1 Be7 18. Bf1 c5 19. Bg2 Rac8 20. Nc3 Rd3 21. Be4 Qd7 22.
Bxd3 cxd3 23. Qa4 Qxa4 24. Nxa4 c4 25. Nc3 g6 26. Nb1 Bf6 27. Rd2 Kg7 28. Nc3 Be7 29. f3 f5 30. Kf2 Kf7 31. Nd1 Bh4+ 32. Kg2 Be1 33. Rf2 Bxf2 34. Kxf2 Rc5 35. Ke1 Ra5 36.
a3 Rd5 37. Kd2 Rd7 38. Nc3 Ke7 39. Na4 Kd6 40. Rg1 Bb5 41. Nc3 Bc6 42. e4 Rb7 43. Kc1 Kc5 44. Re1 Kd4 45. Nd1 fxe4 46. fxe4 Bxe4 47.
h4 Rf7 48. Rf1 e5 49. Nc3 Bc6 50. Rd1 e4 0-1

[Event "*** Titled Tuesday 3|2 Blitz (Late)"]
[Site "Chess.com"]
[Date "2017.01.03"]
[Round "1"]
[White "stalyansky"]
[Black "HansCoolNiemann"]
[Result "1-0"]
[WhiteElo "1085"]
[BlackElo "2282"]
[TimeControl "180+2"]
[EndTime "17:08:33 PST"]
[Termination "stalyansky won by checkmate"]

1. e4 e6 2. d4 d5 3. Nc3 Nf6 4. Bg5 dxe4 5. Nxe4 Be7 6. Bxf6 gxf6 7. Nf3 f5 8. Ned2 c5 9. dxc5 Bxc5 10. Bb5+ Nc6 11. Qe2 O-O 12. O-O-O Qf6 13. Rhg1 Nb4 14. Kb1 a6 15.
Bd3 Bd7 16. g4 Nxd3 17. gxf5+ Kh8 18. Qxd3 Bb5 19. c4 Rad8 20. Qc2 Bc6 21. fxe6 fxe6 22. Ng5 Rd7 23. Nde4 Rxd1+ 24. Rxd1 Bxe4 25. Nxe4 Qe5 26. f4 Rxf4 27. Nxc5 Qxc5 28. Qc3+ e5 29. Rd8+ Kg7 30. Qg3+ Kh6 31. Qh3+ Kg5 32. Rg8+ Kf6 33. Qh6+ Ke7 34. Qxh7+ Rf7 35. Qh4+ Ke6 36. Re8+ Kf5 37. Qh5+ Kf6 38. Qh6+ Kf5 39. Qe6+ Ke4 40. Qxf7 Qg1+ 41. Kc2 Qg2+ 42. Kc3 Qh3+ 43. Kb4 a5+ 44. Kxa5 b6+ 45. Ka6 Qxh2 46. Qd5+ Kf5 47. Rxe5+ Qxe5 48. Qxe5+ Kxe5 49. Kxb6 Kd4 50. c5 Kd3 51. c6 Kc2 52. c7 Kxb2 53. c8=Q Kxa2 54.
Qc4+ Kb2 55. Kb5 Ka3 56. Qb4+ Ka2 57. Kc4 Ka1 58. Kc3 Ka2 59. Qb2# 1-0

[Event "*** Titled Tuesday 3|2 Blitz (Late)"]
[Site "Chess.com"]
[Date "2017.01.03"]
[Round "1"]
[White "gmcorrales"]
[Black "ItalianMachine"]
[Result "1-0"]
[WhiteElo "2541"]
[BlackElo "2229"]
[TimeControl "180+2"]
[EndTime "17:08:34 PST"]
[Termination "gmcorrales won by resignation"]

1. d4 Nf6 2. Bf4 e6 3. e3 c5 4. Nf3 Nc6 5. Nbd2 Nh5 6. Bg5 f6 7. Bh4 g6 8. c3 d5 9. Ne5 Be7 10. Nxc6 bxc6 11. dxc5 Bxc5 12. b4 Be7 13. a4 a5 14. b5 c5 15. Be2 Ng7 16. O-O Nf5 17. Bg3 Nxg3 18. hxg3 O-O 19. Bf3 Bb7 20. c4 Qd6 21. cxd5 exd5 22. Nc4 Qd8 23. Qd2 dxc4 24. Qxd8 Raxd8 25. Bxb7 f5 26. Rac1 Rd2 27. Rxc4 Rfd8 28. Bf3 Ra2 29. b6 Rb2 30. b7 Kf7 31. Rcc1 Bd6 32.
Rfd1 Ke7 33. Bc6 Rb6 34. Bf3 Rb4 35. Rb1 Rb8 36. Bc6 c4 37. Rbc1 h6 38. Rd4 c3 39.
Rxc3 Rxd4 40. exd4 h5 41. Re3+ Kf6 42. d5 Be5 43. Kf1 f4 44. gxf4 Bxf4 45. Re6+ Kf5 46. g3 Bd2 47. Kg2 Bb4 48. Bb5 Rxb7 49. Bd3+ Kg5 50.
f4+ Kh6 51. Rxg6+ 1-0

[Event "*** Titled Tuesday 3|2 Blitz (Late)"]
[Site "Chess.com"]
[Date "2017.01.03"]
[Round "1"]
[White "MaestroASK"]
[Black "MrReinberg"]
[Result "1-0"]
[WhiteElo "2480"]
[BlackElo "2190"]
[TimeControl "180+2"]
[EndTime "17:08:43 PST"]
[Termination "MaestroASK won on time"]

1. g3 Nf6 2. Bg2 c5 3. d3 Nc6 4. c3 d5 5. e4 dxe4 6. dxe4 Qxd1+ 7. Kxd1 g6 8. f3 Bg7 9. Nd2 O-O 10.
Bh3 Rd8 11. Bxc8 Raxc8 12. Ke2 Ne5 13. Nh3 Nd3 14. Nf2 Nxf2 15. Kxf2 Nd7 16. Nc4 Ne5 17. Nxe5 Bxe5 18. Ke2 b6 19. a4 Kf8 20. Be3 Ke8 21.
Ra3 c4 22. a5 Bd6 23. Ra2 Bc5 24. axb6 axb6 25. Bf4 Rd7 26. Rha1 f6 27. Ra8 Rcd8 28. Rxd8+ Rxd8 29. Ra4 e5 30. Bd2 b5 31. Ra5 Rb8 32.
f4 Kd7 33. Ra6 Bb6 34. Be3 Kc6 35. h4 Kc7 36. h5 gxh5 37. Bxb6+ Rxb6 38. Ra7+ Rb7 39. Ra8 b4 40. Ra4 Kc6 41. fxe5 fxe5 42. cxb4 Kb5 43. Ra5+ Kxb4 44. Rxe5 Rg7 45. Kf3 Rb7 46.
Rxh5 Ka4 47. Rh2 Kb3 48. e5 Ka2 49. e6 Re7 50. Re2 Kb3 51. Kf4 c3 52. bxc3 Kxc3 53. Kf5 Kd3 54. Re1 Kd2 55. Re5 Kd3 56. Kf6 1-0

[Event "*** Titled Tuesday 3|2 Blitz (Late)"]
[Site "Chess.com"]
[Date "2017.01.03"]
[Round "1"]
[White "avto24"]
[Black "Ez_Chess2016"]
[Result "0-1"]
[WhiteElo "2344"]
[BlackElo "1985"]
[TimeControl "180+2"]
[EndTime "17:08:53 PST"]
[Termination "Ez_Chess2016 won by resignation"]

1. e4 c5 2. c3 Nf6 3. e5 Nd5 4. d4 cxd4 5. Nf3 d6 6. cxd4 Nc6 7.
Bc4 e6 8. O-O Be7 9. Re1 O-O 10.
a3 b6 11. Bd3 dxe5 12. dxe5 Bb7 13. Qc2 g6 14. Nbd2 Rc8 15. Qb1 Nf4 16. Bf1 Nd4 17.
Nxd4 Qxd4 18. Nb3 Nh3+ 19. gxh3 Qd5 20. f3 Qxb3 21. Qd3 Qa4 22. Kf2 Rfd8 23. Qb5 Bh4+ 24. Kg2 Qxb5 25. Bxb5 Bxe1 26. Bg5 Bd2 27. Bf6 Rd5 28.
Ba4 Bf4 29. Re1 Rcc5 30. b4 Bxe5 31. bxc5 Bxf6 32. c6 Bc8 33. Rc1 Kf8 34. c7 Ke7 35. Bc6 Rc5 36. Rxc5 bxc5 37. Kf2 Be5 38. Ke3 Bxc7 39.
Kd3 Bxh2 40. Kc4 Bd6 41. Kb5 e5 42. Be4 Bxh3 43. Kc6 c4 44. Kb5 c3 45. Kc4 Bxa3 46.
Kxc3 Bg2 47. Kc4 f5 48. Bd5 Bd6 49. Kd3 e4+ 50. Ke3 exf3 51. Bg8 Bc5+ 52. Kf4 f2 53.
Bxh7 0-1

[Event "*** Titled Tuesday 3|2 Blitz (Late)"]
[Site "Chess.com"]
[Date "2017.01.03"]
[Round "1"]
[White "Gordima"]
[Black "fpawn"]
[Result "0-1"]
[WhiteElo "2467"]
[BlackElo "2221"]
[TimeControl "180+2"]
[EndTime "17:09:02 PST"]
[Termination "fpawn won by resignation"]

1. c4 f5 2. d4 Nf6 3. Nc3 e6 4. e3 d5 5. Bd3 c6 6. Nge2 Bd6 7. f3 O-O 8. Bd2 g6 9. Qc2 Nbd7 10.
O-O-O dxc4 11. Bxc4 Nb6 12. Bb3 Kg7 13. e4 Be7 14. Nf4 fxe4 15. fxe4 Ng4 16. Rhf1 Nxh2 17.
Rh1 Ng4 18. Nxe6+ Bxe6 19. Bxe6 Nf2 20. Bh6+ Kh8 21. Bxf8 Nxd1 22. Bh6 Nxc3 23. Qxc3 Bg5+ 24. Bxg5 Qxg5+ 25. Kb1 Qf6 26. Qh3 Qg7 27. e5 Re8 28. Rf1 Rf8 29. Rxf8+ Qxf8 30. a3 Nd5 31. Bxd5 cxd5 32.
Ka2 Qe8 33. Qb3 Qc6 34. Qf3 Kg8 35. Qf4 Qc4+ 36. Kb1 Qd3+ 37. Kc1 Qc4+ 38. Kd2 Qb3 39. Kc1 Qc4+ 40. Kd2 Qb3 41. Qf6 Qxb2+ 42. Ke3 Qxa3+ 43. Ke2 Qf8 44. Qe6+ Qf7 45. Qc8+ Kg7 46. e6 Qe7 47. Qd7 Kf8 48. Kd3 Qxd7 0-1

[Event "*** Titled Tuesday 3|2 Blitz (Late)"]
[Site "Chess.com"]
[Date "2017.01.03"]
[Round "1"]
[White "dretch"]
[Black "sandromareco"]
[Result "0-1"]
[WhiteElo "2588"]
[BlackElo "2401"]
[TimeControl "180+2"]
[EndTime "17:09:04 PST"]
[Termination "sandromareco won on time"]

1. d4 Nf6 2. c4 e6 3. Nc3 Bb4 4. Qc2 b6 5. a3 Bxc3+ 6. Qxc3 Bb7 7. Bg5 d6 8. e3 Nbd7 9. Ne2 h6 10.
Bh4 c5 11. Rd1 Qc7 12. dxc5 bxc5 13. Qd3 Ne4 14. Nc3 Ne5 15. Qc2 Nxc3 16. Qxc3 O-O 17. Be2 Bxg2 18. Rg1 Be4 19. f3 Bg6 20. Bg3 Rfd8 21.
h4 h5 22. Bf4 Rab8 23. Rg5 f6 24. Rg2 Kh7 25. Kf2 Bf7 26. Rdg1 g6 27. e4 a5 28.
Bc1 Qc6 29. f4 Nd7 30. Bxh5 Qxe4 31. Bxg6+ Bxg6 32. Rxg6 Qxg6 33. Rxg6 Kxg6 34. h5+ Kf7 35. f5 Ne5 36. fxe6+ Kxe6 37. h6 a4 38. Kf1 Rb3 39. Qc2 Rh3 40. Qg2 Rh4 41. Qd5+ Ke7 42. Qb7+ Rd7 43.
Qa8 Ke6 44. Qg8+ Rf7 45. Qe8+ Kf5 46. Qc8+ Ke4 47. Qa8+ Kd3 48. Qd5+ Kc2 49. Qd2+ Kb1 50. Kg2 Rxc4 51. b3 Rc2 52. bxa4 Rxd2+ 53. Bxd2 Nc4 54.
Bf4 d5 55. Kf3 f5 56. Bg5 d4 57. Ke2 Kc2 58. Kf3 d3 59. a5 Nxa5 0-1

[Event "*** Titled Tuesday 3|2 Blitz (Late)"]
[Site "Chess.com"]
[Date "2017.01.03"]
[Round "1"]
[White "StegariuVlad"]
[Black "Ilja_Semjonovs"]
[Result "1-0"]
[WhiteElo "2452"]
[BlackElo "2190"]
[TimeControl "180+2"]
[EndTime "17:09:05 PST"]
[Termination "StegariuVlad won by checkmate"]

1. e4 c5 2. Nf3 d6 3. d4 cxd4 4. Nxd4 Nf6 5. Nc3 a6 6. f4 e5 7. Nf3 Nbd7 8. Be2 b5 9. a3 Bb7 10.
Bd3 Be7 11. Qe2 O-O 12. Bd2 Rc8 13. O-O Qc7 14. Kh1 Nb6 15. Rad1 Nc4 16. Bc1 exf4 17. Nd5 Nxd5 18. exd5 Bf6 19. b3 Ne5 20. Nxe5 dxe5 21. c4 bxc4 22. bxc4 g6 23. Bb2 Bg7 24. Rb1 Rfe8 25.
Ba1 f5 26. Qb2 Re7 27. Qb4 Rd7 28. Rfe1 e4 29. Bxg7 Kxg7 30. Bf1 Ba8 31. Qc3+ Kg8 32. Qf6 Rd6 33. Qe5 Rdd8 34. Qd4 Qc5 35. Qe5 Qd6 36. Qd4 Qc5 37. Qf6 Qd6 38. Qg5 Kg7 39. Rec1 h6 40. Qh4 Rc5 41. Qe1 Rdc8 42. Qc3+ Qf6 43. Qd2 Qd6 44. Rd1 h5 45. Rb3 f3 46. gxf3 exf3 47.
Rxf3 Rxc4 48. Bxc4 Rxc4 49. Rd3 Re4 50. Qb2+ Kh6 51.
Qh8+ Kg5 52. Rg1+ Kh4 53. Qb2 Qf4 54. Qg2 Re3 55. Rd4 Qxd4 56. Qg5+ Kh3 57. Rg3+ Rxg3 58.
Qxg3# 1-0

[Event "*** Titled Tuesday 3|2 Blitz (Late)"]
[Site "Chess.com"]
[Date "2017.01.03"]
[Round "1"]
[White "SwiftyMcBishop"]
[Black "fastestmindalive"]
[Result "0-1"]
[WhiteElo "2113"]
[BlackElo "2424"]
[TimeControl "180+2"]
[EndTime "17:09:07 PST"]
[Termination "fastestmindalive won by resignation"]

1. e4 c5 2. Nf3 e6 3. c3 b6 4. d4 Bb7 5. Bd3 Nf6 6. Qe2 d5 7.
e5 Ne4 8. Nbd2 Nxd2 9. Bxd2 Nc6 10. O-O a6 11. a3 b5 12. b3 Qb6 13. Qe3 Be7 14. Rfe1 h6 15. Bc2 Kd7 16. a4 b4 17. Qf4 g5 18. Qxf7 Raf8 19. Qh5 cxd4 20. c4 Na5 21. cxd5 Bxd5 22. Rab1 g4 23. Nh4 d3 24.
Be3 Qxe3 25. Rxe3 dxc2 26. Rc1 Rc8 27. Ng6 Nxb3 28. Rxb3 Bxb3 29. Nxe7 Kxe7 30. Qxg4 Rhd8 31. Qxb4+ Kf7 32. Qf4+ Ke8 33. h3 Rd1+ 34. Kh2 Rxc1 35. Qxc1 Rd8 36. Qxh6 Rd1 37. Qh8+ Kd7 38. Qg7+ Kc6 39.
Qf8 c1=Q 40. Qc8+ Kd5 41. Qb7+ Kd4 42. Qb6+ Kc3 43. Qc5+ Kb2 44. Qb4 a5 45. Kg3 axb4 0-1

[Event "*** Titled Tuesday 3|2 Blitz (Late)"]
[Site "Chess.com"]
[Date "2017.01.03"]
[Round "1"]
[White "JustKid"]
[Black "Mornar1951"]
[Result "0-1"]
[WhiteElo "2253"]
[BlackElo "2592"]
[TimeControl "180+2"]
[EndTime "17:09:08 PST"]
[Termination "Mornar1951 won by resignation"]

1. d4 Nf6 2. Bf4 d5 3. e3 c5 4. dxc5 Nc6 5. Bb5 e6 6. b4 Bd7 7. c3 a5 8. Qb3 Ne4 9. f3 g5 10. fxe4 gxf4 11. exd5 Qh4+ 12. Kd1 exd5 13. Ne2 fxe3 14.
a3 Bg7 15. Kc2 axb4 16. Qxd5 b3+ 17. Qxb3 O-O 18. a4 Bf5+ 19. Kb2 Rfd8 20. Rf1 Be6 21. Qc2 Nb4 22. Qc1 Nd3+ 23. Bxd3 Rxd3 24. Nf4 Rd7 25.
Nxe6 fxe6 26. Qxe3 Re7 27. Nd2 Rxa4 28. Qg3 Qxg3 29.
hxg3 Rxa1 30. Rxa1 Be5 31. Ne4 Rd7 32. Kb3 Kf7 33.
Kc4 Kg6 34. Ra7 Rf7 35. Nd6 Bxd6 36. cxd6 b5+ 37. Kxb5 Rxa7 38. Kc6 Kf7 39. c4 Ke8 40. c5 h5 41. Kb6 Rf7 42. c6 Kd8 43. d7 e5 44. Kc5 e4 45. Kd6 Rxd7+ 46. cxd7 e3 0-1

[Event "*** Titled Tuesday 3|2 Blitz (Late)"]
[Site "Chess.com"]
[Date "2017.01.03"]
[Round "1"]
[White "ChristopherYoo"]
[Black "Hamisandwich"]
[Result "0-1"]
[WhiteElo "2055"]
[BlackElo "2387"]
[TimeControl "180+2"]
[EndTime "17:09:25 PST"]
[Termination "Hamisandwich won by resignation"]

1. e4 d6 2. d4 Nf6 3. Nc3 e5 4.
Nf3 Nbd7 5. Bc4 Be7 6. O-O O-O 7. h3 b6 8. Re1 Bb7 9. a3 a6 10. Bg5 b5 11. Ba2 c6 12. Qd2 Qc7 13. Rad1 Rad8 14. Nh4 Rfe8 15. Nf5 Bf8 16. f4 exd4 17. Qxd4 c5 18.
Qd3 c4 19. Qg3 Kh8 20. Qh4 Rc8 21. Rd4 Qc5 22. Kh2 Ng8 23. Qg3 f6 24. Bh4 g6 25. Nxd6 Bxd6 26. Red1 Re6 27. Kh1 Nf8 28. Nd5 Bxd5 29. Rxd5 Qc7 30. Qc3 Bxf4 31. Rf1 Be5 32. Qf3 Rd8 33. c3 Rxd5 34. exd5 Rd6 35. Bb1 Qg7 36.
g4 Ne7 37. Be4 Nd7 38. Bf2 Qh6 39. Be3 Qh4 40. Bf2 Qh6 41. Be3 Qg7 42. h4 f5 43.
gxf5 gxf5 44. Bxf5 Nxf5 45. Qxf5 Rf6 46. Qh3 Rxf1+ 47.
Qxf1 Qg3 48. Qf2 Qxf2 49. Bxf2 Nf6 50. d6 Bxd6 51. Bd4 Kg7 52. Kg2 Kg6 53. Kf3 Kf5 54.
Be3 Nd5 55. Bd4 Bf4 56. Bc5 Bc1 57. Bb4 Bxb2 58. Ke2 Nxb4 59. cxb4 Bxa3 0-1

[Event "*** Titled Tuesday 3|2 Blitz (Late)"]
[Site "Chess.com"]
[Date "2017.01.03"]
[Round "1"]
[White "nickmatta"]
[Black "HouseOfDurin"]
[Result "1-0"]
[WhiteElo "2351"]
[BlackElo "1846"]
[TimeControl "180+2"]
[EndTime "17:09:25 PST"]
[Termination "nickmatta won by resignation"]

1. d4 Nf6 2. c4 c5 3. d5 b5 4.
cxb5 a6 5. b6 d6 6. Nc3 Nbd7 7. a4 Qxb6 8. a5 Qb7 9. e4 g6 10.
f4 Bg7 11. Nf3 O-O 12. Bc4 Ne8 13. O-O Nc7 14. Ra3 Rb8 15. Re1 Qb4 16. Qe2 Nb5 17.
Bxb5 axb5 18. a6 Bxc3 19. bxc3 Qc4 20. Qxc4 bxc4 21. e5 dxe5 22. fxe5 Ra8 23. a7 Bb7 24. d6 exd6 25. exd6 Nb6 26. Re7 Bc6 27. Ne5 Be4 28.
Be3 Nc8 29. Rd7 Bf5 30. Rc7 Rd8 31. Bxc5 Be6 32. Nc6 Re8 33. d7 Bxd7 34. Rxd7 Re1+ 35. Kf2 Re8 36. Rd8 Rxd8 37. Nxd8 Nxa7 38. Nc6 Rc8 39. Ne7+ Kg7 40. Nxc8 Nc6 41. Ra6 Nd8 42. Nb6 Ne6 43. Bd4+ Kh6 44. Nxc4 Kg5 45. Be3+ Kf5 46. Ra5+ Kf6 47.
Nd2 h6 48. Ne4+ Kg7 49. Ra7 g5 50. c4 Kg6 51. c5 Kf5 52. Ng3+ Ke5 53. c6 Kd6 54.
Rxf7 Nc7 55. Rf6+ Ke7 56. Rxh6 Nd5 57. Bxg5+ 1-0

[Event "*** Titled Tuesday 3|2 Blitz (Late)"]
[Site "Chess.com"]
[Date "2017.01.03"]
[Round "1"]
[White "pedromartinez91"]
[Black "Anton_Demchenko"]
[Result "0-1"]
[WhiteElo "2288"]
[BlackElo "2650"]
[TimeControl "180+2"]
[EndTime "17:09:26 PST"]
[Termination "Anton_Demchenko won by resignation"]

1. e4 e5 2. Nf3 Nc6 3. Bb5 a6 4. Ba4 d6 5. O-O Nf6 6. d3 Bd7 7. c3 g6 8. Nbd2 Bg7 9. Re1 O-O 10. Nf1 Qe8 11. Bb3 Kh8 12. h3 Ng8 13. d4 f5 14.
exf5 gxf5 15. dxe5 dxe5 16. Bf4 e4 17. Ng3 Be6 18. Nd2 Bxb3 19. Qxb3 Be5 20. Bxe5+ Nxe5 21. Qxb7 Nd3 22. Re2 Nf4 23. Ree1 Nd3 24. Re3 Qf7 25. Ne2 Nf6 26. Nd4 Nd5 27. Ree1 Rab8 28. Qxa6 Rxb2 29. Nc4 Rxf2 30. Rf1 Rxf1+ 31. Rxf1 N3f4 32. Ne3 Qg7 33. Ndc2 Nxe3 34. Nxe3 Qxc3 35. Nxf5 Qc5+ 36. Kh1 Qxf5 37. Qa3 Rf7 38. Qc3+ Kg8 39. Qe3 Qe5 40. Qg3+ Ng6 41. Qe1 Rxf1+ 42. Qxf1 e3 43. Qc4+ Kg7 44. h4 e2 45. h5 e1=Q+ 0-1

[Event "*** Titled Tuesday 3|2 Blitz (Late)"]
[Site "Chess.com"]
[Date "2017.01.03"]
[Round "1"]
[White "lrj2011"]
[Black "iturrizaga"]
[Result "0-1"]
[WhiteElo "2309"]
[BlackElo "2681"]
[TimeControl "180+2"]
[EndTime "17:09:27 PST"]
[Termination "iturrizaga won by resignation"]

1. e4 c5 2. Nf3 g6 3. d4 cxd4 4.
Nxd4 Nc6 5. Nc3 Bg7 6. Be3 Nf6 7. Bc4 O-O 8. Bb3 a5 9. O-O d6 10. Ndb5 b6 11. a4 Ba6 12. f4 Nd7 13. Qf3 Rc8 14. Rad1 Nc5 15. Bd5 Nb4 16. f5 Nxc2 17. fxg6 e6 18.
gxf7+ Kh8 19. Bxc5 exd5 20. Bxd6 d4 21. Bxf8 Qxf8 22. Nd5 Qc5 23. Nf6 Ne3 24. Qh3 Bxf6 25. Rxf6 Rf8 26. Rxd4 Qc1+ 27. Kf2 Bxb5 28. axb5 Qxb2+ 29. Kxe3 Qc3+ 30. Kf4 Qxd4 31. Qe6 Qf2+ 32. Ke5 Qc5+ 33.
Qd5 Qe7+ 34. Kf5 Kg7 35. Qd4 Rxf7 36. Rxf7+ Kxf7 37. Qxb6 Qd7+ 38. Kf4 Qd2+ 39. Kf5 Qd7+ 40. Kf4 Qd2+ 41. Kf3 Qd3+ 42. Qe3 Qxb5 43. Qf4+ Ke7 44. Qe3 a4 45. Qa7+ Qd7 46. Qa5 Qd3+ 47. Kf4 a3 48.
Qa7+ Ke6 49. Qb6+ Qd6+ 50. Qxd6+ Kxd6 51. e5+ Ke6 0-1

[Event "*** Titled Tuesday 3|2 Blitz (Late)"]
[Site "Chess.com"]
[Date "2017.01.03"]
[Round "1"]
[White "rithwik2002"]
[Black "bugsbunny444"]
[Result "0-1"]
[WhiteElo "1712"]
[BlackElo "2336"]
[TimeControl "180+2"]
[EndTime "17:09:36 PST"]
[Termination "bugsbunny444 won by checkmate"]

1. d4 e6 2. e4 d5 3. Nc3 Nf6 4.
e5 Nfd7 5. Nce2 c5 6. c3 cxd4 7. cxd4 f6 8. Nf4 Bb4+ 9. Bd2 Qb6 10. Bxb4 Qxb4+ 11. Qd2 Qxd2+ 12. Kxd2 Nb6 13. Bb5+ Ke7 14. Nf3 a6 15. Bd3 Nc6 16. exf6+ gxf6 17. Rhe1 Kd6 18. Nh5 e5 19. Nxf6 e4 20. Ng5 Rf8 21. Ngxh7 Rf7 22.
Bxe4 dxe4 23. Nxe4+ Kc7 24. Nhg5 Rg7 25. f4 Nxd4 26.
Rac1+ Nc6 27. Nc5 Rg6 28. Nce6+ Bxe6 29. Nxe6+ Kd6 30. Ng5 Rf8 31. g3 Kc7 32. Ne6+ Rxe6 33. Rxe6 Rh8 34. Re2 Kd6 35. a3 Nd4 36. Rf2 Nb3+ 37.
Kc2 Nxc1 38. Kxc1 Nd5 39. Kd2 Kc5 40. b4+ Kd4 41. Re2 Nc3 42. Re7 Rxh2+ 43. Kc1 b5 44. Rd7+ Nd5 45. Re7 Rg2 46. Ra7 Kc3 47. Kb1 Kb3 48.
Kc1 Nc3 49. Rxa6 Rc2# 0-1

[Event "*** Titled Tuesday 3|2 Blitz (Late)"]
[Site "Chess.com"]
[Date "2017.01.03"]
[Round "1"]
[White "jbj"]
[Black "Elshan1985"]
[Result "1-0"]
[WhiteElo "2346"]
[BlackElo "2585"]
[TimeControl "180+2"]
[EndTime "17:09:52 PST"]
[Termination "jbj won by resignation"]

1. Nf3 Nf6 2. g3 d5 3. Bg2 c6 4. O-O Bf5 5. d4 e6 6. c3 Bd6 7. Nbd2 Nbd7 8. Re1 h6 9. Qb3 Qb6 10. a4 O-O 11. a5 Qc7 12. Nh4 Bh7 13. e4 dxe4 14. Nxe4 Nxe4 15. Bxe4 Bxe4 16. Rxe4 c5 17. Nf3 Qc6 18. Re3 Nf6 19. Qa4 Qc7 20. Rd3 c4 21. Rd1 Nd5 22. Nd2 Rfc8 23. a6 b6 24. Re1 Rab8 25. Qc2 b5 26. f4 b4 27. f5 bxc3 28. bxc3 exf5 29. Qxf5 Nxc3 30. Nf3 Rb5 31. Qc2 Nd5 32. Ne5 Bxe5 33. Rxe5 c3 34. Ra3 Nb4 35. Qe4 Rxe5 36. dxe5 Qc5+ 37. Be3 c2 38. Ra1 Qc3 39.
Rf1 Qd3 40. Qf4 Qd5 41. Qxb4 Qd3 42. Qf4 Rf8 43. Bxa7 Qxa6 44. Be3 Qc6 45. Qf5 Qc4 46. Rc1 Rc8 47. Kf2 Qc3 48. Qe4 Qc7 49. Bf4 Qc5+ 50. Kg2 Qc3 51. Qe3 Qb2 52. e6 Qb7+ 53.
Kg1 fxe6 54. Qxe6+ Kh8 55. Qe5 Qb6+ 56. Be3 Qb1 57. Qf5 Qb7 58. Qf4 Qb2 59. Qd4 Qb3 60. Bxh6 Rc7 61. Qd8+ Kh7 62. Qxc7 1-0